 Dungeon Crawl Stone Soup version 0.28-a0-906-g0406aca7d3 (webtiles) character file.

Game seed: 6201741386431505373

3154 Zonian the Spear-Bearer (level 9, 0/100 HPs)
             Began as a Demonspawn Gladiator on Nov 24, 2021.
             Was an Initiate of Gozag.
             Succumbed to a kobold's poison
             ... on level 8 of the Dungeon.
             The game lasted 00:31:49 (12731 turns).

Zonian the Spear-Bearer (Demonspawn Gladiator)     Turns: 12731, Time: 00:31:49

Health: 0/100      AC:  9    Str: 15    XL:     9   Next: 62%
Magic:  3/9        EV: 19    Int: 10    God:    Gozag
Gold:   1399       SH:  0    Dex: 23    Spells: 7/8 levels left

rFire   . . .      SeeInvis .   a - +1 trident
rCold   . . .      Faith    .   (no shield)
rNeg    . . .      Spirit   +   g - +1 leather armour {rPois}
rPois   +          Reflect  .   c - +0 helmet
rElec   +          Harm     .   D - +0 cloak
rCorr   .          Rampage  .   (no gloves)
Will    .....                   y - +0 pair of boots
Stlth   ..........              (no amulet)
HPRegen 0.26/turn               q - +4 ring of evasion
MPRegen 0.22/turn               r - +6 ring of dexterity

@: mighty, berserking (expiring), lethally poisoned (0 -> -4), gold aura,
hasted, very quick
A: claws 1, thin metallic scales 1, magic shield, magic regeneration,
electricity resistance, MP-powered wands
a: Renounce Religion, Potion Petition, Call Merchant, Bribe Branch


You were on level 8 of the Dungeon.
You worshipped Gozag.
Gozag was most pleased with you.
You visited 1 branch of the dungeon, and saw 8 of its levels.

You collected 2187 gold pieces.
You spent 114 gold pieces at shops.
You paid 674 gold pieces to Gozag.

Inventory:

Hand Weapons
 a - a +1 trident (weapon)
 n - a +1 bardiche of flaming
 o - a +0 hunting sling of flaming
 x - a +3 dagger
Missiles
 z - 11 poisoned darts (quivered)
 B - 52 sling bullets
Armour
 b - a +1 leather armour
 c - a +0 helmet (worn)
 g - a +1 leather armour of poison resistance (worn)
 i - a +2 leather armour of fire resistance
 k - a +1 robe of willpower
 y - a +0 pair of boots (worn)
 D - a +0 cloak (worn)
Jewellery
 q - a +4 ring of evasion (left claw)
 r - a +6 ring of dexterity (right claw)
 t - a ring of positive energy
 u - a ring of willpower
Wands
 s - a wand of iceblast (11)
 C - a wand of flame (14)
Potions
 e - 2 potions of haste
 l - a potion of flight
 v - 2 potions of attraction


   Skills:
 + Level 4.9 Fighting
 + Level 8.3 Polearms
 - Level 2.5 Throwing
 + Level 3.6 Armour
 + Level 5.0 Dodging
 + Level 3.5 Stealth
 + Level 0.3 Spellcasting
 * Level 5.1 Poison Magic
 + Level 1.0 Evocations


You had 7 spell levels left.
You knew the following spells:

 Your Spells              Type           Power      Damage    Failure   Level
a - Sting                 Tmut/Pois      20%        1d4       16%         1

Your spell library contained the following spells:

 Spells                   Type           Power      Damage    Failure   Level
 Poisonous Vapours        Pois/Air       10%        N/A       24%         2
 Olgreb's Toxic Radiance  Pois           10%        N/A       50%         4
 Corpse Rot               Necr/Air       0%         N/A       56%         2
 Scorch                   Fire           0%         2d5       56%         2
 Static Discharge         Conj/Air       0%         N/A       56%         2
 Sublimation of Blood     Necr           0%         N/A       56%         2
 Ozocubu's Armour         Ice            0%         N/A       80%         3
 Dispel Undead            Necr           0%         3d6       99%         4
 Flame Wave               Conj/Fire      0%         3d3       99%         4
 Sticky Flame             Conj/Fire      0%         2d3       99%         4
 Metabolic Englaciation   Hex/Ice        0%         N/A       100%        5
 Death Channel            Necr           0%         N/A       100%        6
 Simulacrum               Ice/Necr       0%         N/A       100%        6
 Summon Cactus Giant      Summ           0%         N/A       100%        6
 Haunt                    Necr/Summ      0%         N/A       100%        7


Dungeon Overview and Level Annotations

Branches:
Dungeon (8/15)             Temple (0/1) D:5            Lair (0/6) D:8

Altars:
Fedhas
Gozag
Kikubaaqudgha
Vehumet
Xom
Zin
The Shining One

Shops:
D:3 *   D:5 :   D:6 (   D:7 (

Annotations:
D:5 Grinder


Innate Abilities, Weirdness & Mutations

You have sharp fingernails.
You are partially covered in thin metallic scales. (AC +2)
When hurt, damage is shared between your health and your magic reserves.
You regenerate magic rapidly.
You are resistant to electric shocks. (rElec)
You expend magic power (3 MP) to strengthen your wands.


Message History

* * * LOW HITPOINT WARNING * * *
The kobold completely misses you.
You barely miss the wolf. The wolf bites you.
* * * LOW HITPOINT WARNING * * *
The orc misses you.
You completely miss the wolf. The wolf completely misses you.
The orc priest begins to cast a cantrip, but forgets the words!
The kobold misses you.
You barely miss the wolf. The wolf barely misses you. The orc misses you.
The kobold completely misses you.
You completely miss the wolf. The wolf misses you. The orc misses you.
You puncture the wolf!
The wolf is moderately wounded.
The wolf completely misses you.
The kobold hits you with a +3 dagger of venom.
* * * LOW HITPOINT WARNING * * *
You are lethally poisoned!
You are too berserk!
You puncture the wolf!
The wolf is almost dead.
* * * LOW HITPOINT WARNING * * *
You feel sick. The wolf closely misses you. The orc barely misses you.
You puncture the wolf!
You kill the wolf!
* * * LOW HITPOINT WARNING * * *
You feel sick. The kobold hits you but does no damage.
The orc is distracted by your dazzling golden aura.
The orc shouts!
You puncture the orc priest!
The orc priest is almost dead.
* * * LOW HITPOINT WARNING * * *
You feel sick.
The orc is distracted by your dazzling golden aura.
The orc priest completely misses you.
The kobold hits you with a +3 dagger of venom.
The orc shouts!
You barely miss the orc priest.
The orc priest is almost dead.
You die...
Your body crumbles into a pile of gold.

##....... #..........
#>......... ##........≈
.....o.....
##..........
.........###.........$≈
..$..#.....#......<>...
#..###.....#.##.#$.≈.
#oo..........###....
##ooK###K...$####...
##@###...#..K$.#..$ ###
#.######K....≈ #..
##....? ##. #.$.... ..
#...#.. . #....(.#
......... .#........ #
##.......


You could see an orc priest, 3 orcs and a kobold.

Vanquished Creatures
  A boulder beetle (D:7)
  A troll (D:7)
  Eustachio (D:6)
  A water moccasin (D:6)
  An orc warrior (D:6)
  A black bear (D:4)
  3 necrophages
  2 ice beasts
  3 wolves (D:8)
  2 kobold brigands
  A bullfrog (D:7)
  A scorpion (D:4)
  2 wyvern skeletons
  2 electric eels (D:8)
  2 howler monkeys
  A bullfrog zombie (D:7)
  A gnoll shaman (D:6)
  A jelly (D:6)
  3 orc priests (D:6)
  4 hounds
  A bullfrog skeleton (D:6)
  An iguana (D:4)
  An orc wizard (D:6)
  3 killer bee zombies
  3 hound zombies (D:4)
  A hound skeleton (D:5)
  2 gnolls
  7 adders
  2 adder zombies (D:4)
  A worm (D:2)
  2 dart slugs
  19 orcs
  7 ball pythons
  4 endoplasms
  A giant cockroach (D:1)
  7 goblins
  8 hobgoblins
  9 jackals
  12 kobolds
  3 quokkas
  6 bats
  A frilled lizard (D:2)
  10 rats
  A rat zombie (D:6)
146 creatures vanquished.

Vanquished Creatures (others)
  12 fungi (D:6)
  5 plants (D:6)
  2 withered plants (D:4)
19 creatures vanquished.

Grand Total: 165 creatures vanquished

Notes
Turn   | Place    | Note
-------+----------+-------------------------------------------
     0 | D:1      | Zonian the Demonspawn Gladiator began the quest for the
                  | Orb.
     0 | D:1      | Reached XP level 1. HP: 16/16 MP: 1/1
   211 | D:1      | Reached skill level 3 in Polearms
   211 | D:1      | Gained mutation: You regenerate magic rapidly. [demonic
                  | ancestry]
   211 | D:1      | Reached XP level 2. HP: 13/22 MP: 2/2
  1003 | D:1      | HP: 1/22 [gnoll (5)]
  1718 | D:1      | Reached XP level 3. HP: 27/27 MP: 3/3
  2333 | D:2      | Reached skill level 1 in Armour
  2893 | D:2      | Found a faded altar of an unknown god.
  2906 | D:2      | Prayed at the altar of an unknown god.
  2906 | D:2      | Became a worshipper of Gozag Ym Sagoz the Greedy
  3143 | D:3      | Found Weoff's Assorted Antiques.
  3153 | D:3      | Gained mutation: You are partially covered in thin metallic
                  | scales. (AC +2) [demonic ancestry]
  3153 | D:3      | Reached XP level 4. HP: 17/33 MP: 4/4
  3595 | D:3      | Bought a scroll labelled CEGATI MUOZAU for 20 gold pieces
  3595 | D:3      | Bought 2 fuming sapphire potions for 36 gold pieces
  3595 | D:3      | Bought a fizzy ruby potion for 18 gold pieces
  4174 | D:2      | HP: 1/34 [gnoll (7)]
  4971 | D:2      | Reached skill level 4 in Polearms
  5071 | D:3      | Found a shimmering altar of Xom.
  5287 | D:3      | Found a radiant altar of Vehumet.
  5421 | D:3      | Reached skill level 1 in Stealth
  5421 | D:3      | Reached XP level 5. HP: 39/39 MP: 5/5
  5975 | D:4      | Gained mutation: You have sharp fingernails. [demonic
                  | ancestry]
  5975 | D:4      | Reached XP level 6. HP: 37/46 MP: 6/6
  6039 | D:4      | Found an ancient bone altar of Kikubaaqudgha.
  6846 | D:4      | Reached skill level 5 in Polearms
  7206 | D:4      | Gained mutation: When hurt, damage is shared between your
                  | health and your magic reserves. [demonic ancestry]
  7206 | D:4      | Reached XP level 7. HP: 19/52 MP: 7/7
  7601 | D:4      | Learned a level 1 spell: Sting
  7611 | D:5      | Entered Level 5 of the Dungeon
  7855 | D:5      | Found Cuot's Self-Improvement Boutique.
  7954 | D:3      | Bought a scroll labelled PEMPONGUINI for 20 gold pieces
  7954 | D:3      | Bought a scroll labelled SER BIYWIFAAF for 20 gold pieces
  7955 | D:3      | Acquired a +1 bardiche of flaming
  8104 | D:5      | Found a staircase to the Ecumenical Temple.
  8166 | D:5      | Noticed Grinder
  8267 | D:5      | You fall into a shaft and drop 3 floors!
  8267 | D:8      | Noticed a troll
  8267 | D:8      | Found a staircase to the Lair.
  8310 | D:7      | Found Zosionya's Antique Weapon Shop.
  8340 | D:7      | Reached skill level 1 in Poison Magic
  8652 | D:6      | Found Mox Zedgh's Antique Weapon Shoppe.
  8859 | D:6      | Reached skill level 6 in Polearms
  8859 | D:6      | Reached XP level 8. HP: 22/60 MP: 5/8
  8905 | D:6      | Acquired 1244 gold pieces
  9151 | D:6      | Found a blossoming altar of Fedhas.
  9662 | D:6      | Got the Reference Book on Dark Magic
 10543 | D:6      | Noticed Eustachio
 10644 | D:6      | Killed Eustachio
 10645 | D:6      | Reached skill level 7 in Polearms
 11142 | D:7      | Noticed a skeletal warrior
 11439 | D:7      | Noticed a boulder beetle
 11477 | D:7      | Killed a boulder beetle
 11478 | D:7      | Reached XP level 9. HP: 40/66 MP: 9/9
 11680 | D:7      | Noticed a boulder beetle
 12197 | D:7      | Killed a troll
 12198 | D:7      | Reached skill level 8 in Polearms
 12198 | D:7      | Reached skill level 5 in Dodging
 12701 | D:8      | Reached skill level 5 in Poison Magic
 12701 | D:8      | Reached skill level 1 in Evocations
 12720 | D:8      | Gained mutation: You expend magic power (3 MP) to
                  | strengthen your wands. [potion of mutation]
 12720 | D:8      | Gained mutation: You are resistant to electric shocks.
                  | (rElec) [potion of mutation]
 12723 | D:8      | HP: 4/100 [wolf (3)]
 12728 | D:8      | HP: 3/100 [poisoned by a kobold]
 12730 | D:8      | HP: 1/100 [poisoned by a kobold]
 12731 | D:8      | Succumbed to a kobold's poison

Illustrated notes

Levels and vault maps discovered:
D:1:      minmay_arrival_arboretum_small, layout_loops_ring,
          nicolae_grassy_gnolls
D:2:      layout_loops_ring, hellmonk_ecumenical_altar_pennies_from_heaven,
          minmay_3d_cube
D:3:      layout_loops_corners, lemuel_tele_altar, zin_statuary, tgw_xom,
          serial_shops, nicolae_shop_hallway_stairs
D:4:      layout_cave_pods, mainiacjoe_overflow_large_starburst, serial_undead,
          serial_undead_e, serial_undead_d, serial_undead_d, serial_undead_d
D:5:      layout_loops_cross, minmay_temple_entry_butterflies,
          nicolae_shop_self_help, uniq_grinder
D:6:      minmay_angry_zag, layout_loops_ring, fedhas_altar_3, serial_shops,
          nicolae_take_the_stairs, enter_ossuary_3, uniq_eustachio
D:7:      layout_loops_cross, serial_shops,
          nicolae_shop_competitors_out_of_business, kb_rosetta
D:8:      layout_cave_pools, erik_lair_island, grunt_ministairs_8

Skill      XL: |  1  2  3  4  5  6  7  8  9 |
---------------+----------------------------+-----
Polearms       | 3 4 5 6 7 8 |  8.3
Armour         | 1 2 3 |  3.6
Dodging        | 3 4 5 |  5.0
Stealth        | 1 2 3 |  3.5
Fighting       | 3 4 |  4.9
Poison Magic   | 2 4 5 |  5.1
Throwing       | 2 |  2.5
Evocations     | 1 |  1.0
Spellcasting   | |  0.3

Action                   |  1- 3 |  4- 6 |  7- 9 || total
-------------------------+-------+-------+-------++-------
Melee: Trident           |   136 |   229 |   342 ||   707
 Fire: Hunting sling     |       |       |     4 ||     4
Throw: Throwing net      |     1 |     1 |     7 ||     9
       Dart              |       |       |     9 ||     9
 Cast: Sting             |       |       |     2 ||     2
Invok: Potion Petition   |       |       |     2 ||     2
Evoke: Wand              |       |       |    13 ||    13
  Use: Scroll            |     1 |     6 |    11 ||    18
       Potion            |       |       |    15 ||    15
 Stab: Sleeping          |     1 |     3 |     2 ||     6
       Distracted        |       |     2 |     1 ||     3
       Held in net/web   |       |       |     3 ||     3
Armor: Leather armour    |    31 |    65 |    97 ||   193
       Robe              |     7 |     4 |       ||    11
       Skin              |       |       |    10 ||    10
Dodge: Dodged            |    76 |   145 |   313 ||   534

Table legend: (Time is in decaauts)
 A = Elapsed time spent in this place.
 B = Non-inter-level travel time spent in this place.
 C = Inter-level travel time spent in this place.
 D = Time resting spent in this place.
 E = Time spent auto-exploring this place.
 F = Levels seen in this place.
 G = Mean time per level.
                   A        B        C        D        E       F      G
               +--------+--------+--------+--------+--------+-----+--------+
         Total |  12736 |  12260 |    476 |   5275 |   4339 |   8 | 1592.0 |
       Dungeon |  12736 |  12260 |    476 |   5275 |   4339 |   8 | 1592.0 |
               +--------+--------+--------+--------+--------+-----+--------+

Top non-repeatable levels by time:
     D:2: 2821 daAuts
     D:3: 2456 daAuts
     D:4: 1901 daAuts
     D:7: 1706 daAuts
     D:6: 1472 daAuts
     D:5: 1345 daAuts
     D:1: 768 daAuts
     D:8: 264 daAuts
